 Dungeon Crawl Stone Soup version 0.31-a0-750-gfe7b580527 (console) character file.

Game seed: 12253426635221323234

12814 petzl the Covert (level 12, -18/75 (81) HPs)
             Began as a Formicid Delver on Sept 14, 2023.
             Was a Priest of Vehumet.
             Demolished by a three-headed hydra simulacrum (34 damage)
             ... in an ice cave on Sept 16, 2023.
             The game lasted 01:42:17 (16039 turns).

petzl the Covert (Formicid Delver)                 Turns: 16039, Time: 01:42:17

HP:   -18/75 (81)   AC:  7    Str: 18    XL:     12   Next: 24%
MP:   29/33         EV: 12    Int: 23    God:    Vehumet [***...]
Gold: 413           SH:  5    Dex: 13    Spells: 4/27 levels left

rFire   . . .        c - +3 whip {flame, rElec Int+9}
rCold   . . .        (no shield)
rNeg    . . .        t - +0 leather armour of Indomitability {Drain +Blink rPois MP+9}
rPois   +            (helmet unavailable)
rElec   +            H - +0 cloak
rCorr   +            (no gloves)
SInv    +            h - +2 pair of boots of Okawaru's Reproof {rCorr Dex-2 Stlth+}
Will    +....        q - amulet of reflection
Stlth   +++++        (no ring)
HPRegen 0.32/turn    (no ring)
MPRegen 0.23/turn

%: reflection
@: drained
A: permanent stasis, dig shafts and tunnels, antennae 3, four strong arms
a: Dig, Renounce Religion


You were in an ice cave.
You worshipped Vehumet.
Vehumet was most pleased with you.
You visited 2 branches of the dungeon, and saw 12 of its levels.
You also visited: Ice Cave.

You collected 593 gold pieces.
You spent 180 gold pieces at shops.

Inventory:

Hand Weapons
 a - a +0 orcbow of flaming
 b - a +0 dagger of venom {!f =f}
 c - the +3 whip of the Burnt God (weapon) {flame, rElec Int+9}
   (You bought it in a shop on level 1 of the Dungeon)

   Int+9:     It affects your intelligence (+9).
   rElec:     It insulates you from electricity.
 d - a +3 quarterstaff of chaos
 e - a +0 sling of freezing
 y - a +1 dagger of electrocution {!f =f}
 C - a +2 sling of electrocution
 E - a +0 shortbow
 F - the +0 short sword of Incongruity {spect, +Blink rElec rCorr}
   (You found it on level 10 of the Dungeon)

   rElec:     It insulates you from electricity.
   +Blink:    It lets you blink.
   rCorr:     It protects you from acid and corrosion.
 P - a +4 dagger of chaos {!f =f}
Missiles
 o - 22 poisoned darts
 B - a throwing net
 N - a curare-tipped dart
Armour
 h - the +2 pair of boots of Okawaru's Reproof (worn) {rCorr Dex-2 Stlth+}
   (You found it on level 6 of the Dungeon)

   Dex-2:     It affects your dexterity (-2).
   rCorr:     It protects you from acid and corrosion.
   Stlth+:    It makes you more stealthy.
 i - a +3 leather armour of cold resistance
 t - the +0 leather armour of Indomitability (worn) {Drain +Blink rPois MP+9}
   (You found it on level 3 of the Dungeon)

   rPois:     It protects you from poison MP+9: It affects your magic capacity
   (+9).
   +Blink:    It lets you blink.
   Drain:     It drains your maximum health when unequipped.
 D - a +1 robe of resistance
 H - a +0 cloak (worn)
 K - a +0 buckler
 M - +0 pearl dragon scales
Jewellery
 q - an amulet of reflection (around neck)
Wands
 f - a wand of digging (3)
 p - a wand of mindburst (16)
 x - a wand of acid (31)
 J - a wand of flame (12)
Scrolls
 g - 2 scrolls of enchant armour
 k - 2 scrolls of amnesia
 l - a scroll of fog
 n - 3 scrolls of immolation
 r - 2 scrolls of poison
 w - a scroll of silence
 G - a scroll of revelation
 I - a scroll of torment
 L - a scroll of identify
 O - a scroll of vulnerability
 R - a scroll of summoning
Potions
 j - a potion of lignification {unknown}
 m - 5 potions of curing
 s - a potion of ambrosia {unknown}
 u - a potion of degeneration {unknown}
 v - 2 potions of attraction {unknown}
 z - a potion of brilliance {unknown}
 A - a potion of haste {unknown}
 Q - a potion of mutation {unknown}


   Skills:
 - Level 3.3 Fighting
 - Level 2.0 Maces & Flails
 - Level 5.0 Ranged Weapons
 - Level 3.0 Armour
 - Level 3.0 Dodging
 - Level 9.0 Stealth
 * Level 5.9 Shields
 + Level 8.0 Spellcasting
 * Level 7.3 Conjurations
 + Level 2.0 Fire Magic
 * Level 5.5 Ice Magic
 * Level 5.3 Air Magic
 + Level 7.3 Earth Magic
 + Level 3.9 Poison Magic
 - Level 3.0 Evocations


You had 4 spell levels left.
You knew the following spells:

 Your Spells              Type           Power      Damage    Failure   Level
a - Stone Arrow           Conj/Erth      84%        3d12      1%          3
b - Poisonous Vapours     Pois/Air       60%        N/A       1%          2
l - Freezing Cloud        Conj/Ice/Air   18%        6-21      5%          5
m - Mephitic Cloud        Conj/Pois/Air  34%        N/A       1%          3
s - Sticky Flame          Conj/Fire      30%        2d5       3%          4
A - Ozocubu's Armour      Ice            34%        N/A       2%          3
I - Ignite Poison         Fire/Tmut/Pois 18%        N/A       3%          3

Your spell library contained the following spells:

 Spells                   Type           Power      Damage    Failure   Level
 Volatile Blastmotes      Fire/Tloc      26%        2d12      4%          3
 Sandblast                Erth           84%        2d18      1%          1
 Passwall                 Tmut/Erth      21%        N/A       2%          2
 Cigotuvi's Dreadful Rot  Necr/Pois/Air  46%        N/A       3%          2
 Apportation              Tloc           18%        N/A       9%          1
 Summon Small Mammal      Summ           36%        N/A       9%          1
 Jinxbite                 Hex            18%        N/A       12%         2
 Animate Armour           Summ/Erth      52%        N/A       19%         4
 Call Canine Familiar     Summ           9%         N/A       24%         3
 Summon Guardian Golem    Hex/Summ       9%         N/A       24%         3
 Dispel Undead            Necr           9%         3d8       63%         4
 Metabolic Englaciation   Hex/Ice        11%        N/A       58%         5
 Alistair's Intoxication  Tmut/Pois      12%        N/A       71%         5
 Ozocubu's Refrigeration  Ice            17%        4d11      83%         7
 Simulacrum               Ice/Necr       11%        N/A       99%         6
 Lehudib's Crystal Spear  Conj/Erth      21%        10d6      99%         8
 Death Channel            Necr           4%         N/A       100%        6
 Ignition                 Fire           9%         3d5       100%        8


Dungeon Overview and Level Annotations

Branches:
Dungeon (11/15)            Temple (1/1) D:5            Lair (0/5) D:11
    Orc (0/2) D:11          IceCv (1/1)

Altars:
Ashenzari
Cheibriados
Dithmenos
Elyvilon
Fedhas
Gozag
Hepliaklqana
Kikubaaqudgha
Makhleb
Nemelex Xobeh
Okawaru
Qazlal
Ru
Sif Muna
Trog
Uskayaw
Vehumet
Wu Jian
Xom
Yredelemnul
Zin
The Shining One

Shops:
D:1 (

Portals:
Trove: D:11 (give +2 shadow dragon scales)

Annotations:
D:5 Dittersdorf's ghost, novice GrFi
D:7 1 runed translucent door


Innate Abilities, Weirdness & Mutations

You cannot be hasted, slowed, berserked, paralysed or teleported.
You can dig through walls and to a lower floor.
You have a pair of large antennae on your head. (SInv)
Your four strong arms can wield two-handed weapons with a shield.


Message History

Your Spellcasting skill increases to level 8!
Your Fire Magic skill increases to level 2!
You extend your mandibles.
You dig through the rock wall.
You feel drained.
You start resting.
HP restored.
You start resting.
Magic restored.
Casting: Stone Arrow (safe; 1% risk of failure)
Confirm with . or Enter, or press ? or * to list all spells.
Aiming: Sticky Flame (dangerous; 3% risk of failure)
Press: ? - help, Shift-Dir - straight line, f - three-headed hydra simulacrum
Aim: a three-headed hydra simulacrum (wandering, hasn't noticed you)
The sticky flame hits the three-headed hydra simulacrum!
The three-headed hydra simulacrum melts!
The three-headed hydra simulacrum is moderately damaged.
The three-headed hydra simulacrum is covered in liquid flames!
The three-headed hydra simulacrum burns!
The three-headed hydra simulacrum bites you but does no damage.
The three-headed hydra simulacrum bites you.
The three-headed hydra simulacrum freezes you!!
The three-headed hydra simulacrum bites you.
The three-headed hydra simulacrum freezes you!
You retract your mandibles.
Unknown command.
You extend your mandibles.
You dig through the ice covered rock wall.
You feel drained.
The three-headed hydra simulacrum attacks as it pursues you!
You block the three-headed hydra simulacrum's attack.
The three-headed hydra simulacrum bites you.
The three-headed hydra simulacrum freezes you!!
* * * LOW HITPOINT WARNING * * *
The three-headed hydra simulacrum barely misses you.
You feel better.
The three-headed hydra simulacrum burns!
The three-headed hydra simulacrum bites you.
* * * LOW HITPOINT WARNING * * *
The three-headed hydra simulacrum freezes you!!
You die...

#..{....#
#..{....#
#..{....#
#.......#
####.####
#..Z....#
#.......#
#?......#
#.......#
#.......#
##.....##
##...##
##.##
##...##
##.....##
#...∩...#
#.......#
##.......#
##@...∩...#
#Z#.......#
##.########
###


You could see a three-headed hydra simulacrum (burning).

Vanquished Creatures
  A boulder beetle (D:11)
  3 two-headed ogres
  An ugly thing (IceCv)
  3 ice statues (IceCv)
  Joseph (D:7)
  A komodo dragon (D:10)
  Maggie (D:6)
  Psyche (D:10)
  A freezing wraith (IceCv)
  2 ice devils (D:11)
  2 trolls
  Prince Ribbit (D:5)
  A hornet (D:9)
  4 yaks (D:10)
  Menkaure (D:5)
  A harpy simulacrum (IceCv)
  2 acid dragons (D:9)
  2 water moccasins (D:6)
  A hydra simulacrum (IceCv)
  9 orc warriors
  2 sky beasts
  2 black bears
  4 ice beasts
  3 ogres
  4 centaurs
  A phantom (D:4)
  2 kobold brigands
  Blork the orc (D:6)
  The ghost of justen the Changeling, an amateur SpSh (D:3)
  2 bullfrogs
  2 scorpions
  A gnoll sergeant (D:8)
  A cane toad simulacrum (IceCv)
  3 wights (D:9)
  14 killer bees
  2 elephant simulacra (IceCv)
  9 howler monkeys
  4 hounds
  3 jellies
  4 orc priests
  Crazy Yiuf (D:6)
  A sleepcap (D:6)
  4 iguanas
  9 orc wizards
  3 wolf simulacra (IceCv)
  A mummy (D:6)
  5 gnolls (D:8)
  8 adders
  A shadow imp (D:6)
  2 white imps (D:7)
  An ufetubus (D:7)
  4 worms
  3 dart slugs
  51 orcs
  9 ball pythons
  7 bats
  5 endoplasms
  7 giant cockroaches
  8 goblins
  16 hobgoblins
  A jackal (D:4)
  11 kobolds
  2 quokkas
  3 frilled lizards
  A kobold zombie (D:6)
  An orc zombie (D:6)
  3 rats (D:2)
272 creatures vanquished.

Notes
Turn   | Place    | Note
-------+----------+-------------------------------------------
     0 | D:5      | petzl the Formicid Delver began the quest for the Orb.
     0 | D:5      | Reached XP level 1. HP: 18/18 MP: 1/1
    15 | D:6      | Noticed an orc warrior
    27 | D:6      | Identified the +2 pair of boots of Okawaru's Reproof {rCorr
                  | Dex-2 Stlth+}
    34 | D:6      | Noticed a hound
    43 | D:6      | Noticed an ice beast
   175 | D:6      | Found a shadowy altar of Dithmenos.
   176 | D:6      | Found a shimmering altar of Xom.
   176 | D:6      | Found a shimmering blue altar of Sif Muna.
   233 | D:6      | Noticed a water moccasin
   242 | D:6      | Noticed a bullfrog
   286 | D:6      | Killed a bullfrog
   287 | D:6      | Reached XP level 2. HP: 20/24 MP: 1/6
   287 | D:6      | Reached XP level 3. HP: 25/29 MP: 1/7
   287 | D:6      | Reached XP level 4. HP: 30/35 MP: 1/9
   309 | D:6      | Found a sand-covered staircase.
   655 | D:4      | Noticed a scorpion
   670 | D:4      | Killed a scorpion
   671 | D:4      | Reached XP level 5. HP: 31/41 MP: 10/12
   766 | D:2      | Learned a level 3 spell: Stone Arrow
   839 | D:2      | Found a faded altar of an unknown god.
   934 | D:2      | Reached XP level 6. HP: 31/47 MP: 13/13
  1229 | D:2      | Reached skill level 1 in Earth Magic
  1337 | D:1      | Reached skill level 5 in Spellcasting
  1557 | D:1      | Reached skill level 1 in Ranged Weapons
  1591 | D:1      | Reached skill level 1 in Conjurations
  1700 | D:1      | Found Caraf's Antique Weapon Shop.
  2419 | D:3      | Found a runed translucent door.
  2421 | D:3      | Noticed a sky beast
  2421 | D:3      | Noticed justen's ghost (amateur SpSh)
  2851 | D:3      | Identified the +0 leather armour of Indomitability {Drain
                  | +Blink rPois MP+9}
  3492 | D:4      | Noticed an ogre
  3624 | D:4      | Reached XP level 7. HP: 37/52 MP: 15/15
  3972 | D:1      | Bought a dazzling whip for 180 gold pieces
  3972 | D:1      | Identified the +3 whip of the Burnt God {flame, rElec
                  | Int+9} (You bought it in a shop on level 1 of the Dungeon)
  4421 | D:5      | Found a staircase to the Ecumenical Temple.
  4438 | D:5      | Learned a level 3 spell: Ignite Poison
  4442 | D:5      | Learned a level 3 spell: Ozocubu's Armour
  4446 | Temple   | Entered the Ecumenical Temple
  4640 | D:5      | Noticed Prince Ribbit
  4795 | D:5      | Learned a level 5 spell: Freezing Cloud
  4849 | D:5      | Found a runed translucent door.
  4850 | D:5      | Noticed Dittersdorf's ghost (novice GrFi)
  4996 | D:5      | Reached XP level 8. HP: 53/58 MP: 16/16
  5228 | D:5      | You fall into a shaft and drop 3 floors!
  5606 | D:7      | Noticed Joseph
  5622 | D:6      | Noticed Maggie
  6250 | D:6      | Reached skill level 7 in Stealth
  6375 | D:6      | You fall into a shaft and drop 3 floors!
  6544 | D:6      | Noticed Blork the orc
  6689 | D:5      | Noticed Menkaure
  6696 | D:5      | Killed Menkaure
  6697 | D:5      | Reached XP level 9. HP: 33/64 MP: 18/18
  7121 | D:6      | Reached skill level 1 in Air Magic
  7218 | D:5      | Reached skill level 1 in Ice Magic
  7283 | D:6      | Learned a level 3 spell: Mephitic Cloud
  7286 | D:6      | Learned a level 2 spell: Poisonous Vapours
  7294 | D:6      | Found a runed translucent door.
  7294 | D:6      | Noticed Crazy Yiuf
  7303 | D:6      | You fall into a shaft and drop 3 floors!
  7452 | D:8      | Found a radiant altar of Vehumet.
  7458 | D:8      | Became a worshipper of Vehumet
  7566 | D:8      | Reached skill level 5 in Earth Magic
  7994 | D:6      | Reached * piety under Vehumet
  7994 | D:6      | Offered knowledge of Freeze by Vehumet.
  8082 | D:6      | You fall into a shaft and drop 1 floor!
  8450 | D:8      | Reached skill level 8 in Stealth
  8468 | D:8      | HP: 1/64 [centaur/arrow (11)]
  8764 | D:8      | Reached skill level 5 in Conjurations
  9083 | D:5      | Killed Prince Ribbit
  9084 | D:5      | Reached XP level 10. HP: 69/70 MP: 3/20
  9319 | D:5      | You fall into a shaft and drop 3 floors!
  9380 | D:6      | Killed Maggie
  9489 | D:6      | Killed Crazy Yiuf
  9655 | D:6      | Reached skill level 9 in Stealth
  9835 | D:6      | Killed Blork the orc
 10298 | D:7      | You fall into a shaft and drop 3 floors!
 10298 | D:10     | Entered Level 10 of the Dungeon
 10481 | D:10     | Noticed a two-headed ogre
 10500 | D:10     | Found a sparkling altar of Nemelex Xobeh.
 10599 | D:8      | Reached skill level 5 in Ranged Weapons
 10941 | D:8      | Reached skill level 1 in Shields
 11184 | D:7      | Found an iron altar of Okawaru.
 11186 | D:7      | Found a runed translucent door.
 11190 | D:7      | Found the +0 toga "Victory" {*Victory Clar}
 11204 | D:7      | Offered knowledge of Momentum Strike by Vehumet.
 11279 | D:7      | Found a stormy altar of Qazlal.
 11289 | D:7      | Found a glowing golden altar of the Shining One.
 11289 | D:7      | Found a basalt altar of Yredelemnul.
 11419 | D:3      | Killed justen's ghost
 11419 | D:3      | Reached ** piety under Vehumet
 11586 | D:5      | You fall into a shaft and drop 2 floors!
 11807 | D:7      | Killed Joseph
 11808 | D:7      | Reached skill level 1 in Armour
 11808 | D:7      | Reached skill level 1 in Poison Magic
 11808 | D:7      | Reached skill level 1 in Evocations
 11962 | D:8      | You fall into a shaft and drop 1 floor!
 12100 | D:10     | Identified the +0 short sword of Incongruity {spect, +Blink
                  | rElec rCorr}
 12591 | D:9      | Noticed a two-headed ogre
 12656 | D:9      | Killed a two-headed ogre
 12657 | D:9      | Reached XP level 11. HP: 75/75 MP: 22/22
 12968 | D:9      | Noticed a two-headed ogre
 12973 | D:9      | Killed a two-headed ogre
 13256 | D:9      | Found a glowing silver altar of Zin.
 13897 | D:10     | Learned a level 4 spell: Sticky Flame
 14068 | D:10     | Noticed Psyche
 14072 | D:10     | Killed Psyche
 14299 | D:10     | Killed a two-headed ogre
 14419 | D:10     | Offered knowledge of Volatile Blastmotes by Vehumet.
 14672 | D:11     | Reached skill level 1 in Fire Magic
 14793 | D:11     | Noticed a boulder beetle
 14817 | D:11     | Killed a boulder beetle
 14818 | D:11     | Reached skill level 5 in Shields
 14818 | D:11     | Reached skill level 5 in Ice Magic
 14818 | D:11     | Reached skill level 5 in Air Magic
 14827 | D:11     | Found a portal to a secret trove of treasure.
 14853 | D:11     | Found a staircase to the Lair.
 14860 | D:11     | Noticed a two-headed ogre
 14867 | D:11     | Found a stormy altar of Qazlal.
 14894 | D:11     | Found a frozen archway.
 15029 | IceCv    | Entered an ice cave
 15036 | IceCv    | Reached *** piety under Vehumet
 15037 | IceCv    | Reached XP level 12. HP: 73/81 MP: 23/23
 16039 | IceCv    | Demolished by a three-headed hydra simulacrum

Illustrated notes

Levels and vault maps discovered:
D:1:      psy_arrival_fountain, layout_basic, serial_shops, shop_statue
D:2:      layout_basic, basic_ecumenical_altar
D:3:      layout_loops_ring, serial_forest, infiniplex_forest_straight_1,
          infiniplex_forest_lined_4_way, infiniplex_forest_end_2,
          infiniplex_forest_clump_C, infiniplex_forest_lined_1,
          infiniplex_forest_lined_2, infiniplex_forest_straight_3,
          infiniplex_forest_lined_room_2, ebering_ghost_inner_flame
D:4:      layout_loops_ring, minivault_25, corexii_hall_statues_s,
          minmay_fractal_squares_gapless_5
D:5:      layout_loops_corners, minmay_temple_entry_ruins,
          gammafunk_ghost_grave, corexii_hall_statues_l, serial_park_tiny_1,
          sigmund_army, uniq_prince_ribbit1, uniq_menkaure
D:6:      minmay_bubble_buster, layout_gridville,
          chequers_temple_overflow_statue_of_worship,
          nicolae_ossuary_entry_giza, uniq_crazy_yiuf_cottage, uniq_maggie,
          uniq_blork_the_orc
D:7:      layout_basic, nicolae_overflow_guarded_unrand_okawaru_victory,
          minitemple, kennysheep_nub, chequers_mini_garden, uniq_joseph
D:8:      layout_gridville, nicolae_vehumet_altar_sigil
D:9:      layout_roguey, zin_scriptorium
D:10:     layout_irregular_city, mainiacjoe_overflow_concentric_impassable,
          uniq_psyche
D:11:     layout_loops_cross, lair_entry_dummy, orc_0_dummy, enter_trove_2,
          portal_ice_cave_demonic_guard, serial_bayou_lagoon_a,
          grunt_ministairs_8, nicolae_qazlal_style_of_elements
Temple:   nicolae_temple_slightly_damp_pantheon
IceCv:    ice_cave_statue_garden_chambered

Skill      XL: |  1  2  3  4  5  6  7  8  9 10 11 12 |
---------------+-------------------------------------+-----
Spellcasting   | 3 4 5 6 7 8 |  8.0
Earth Magic    | 2 3 4 5 6 7 |  7.3
Ranged Weapons | 1 2 3 4 5 |  5.0
Conjurations   | 1 2 4 5 6 7 |  7.3
Stealth        | 7 8 9 |  9.0
Air Magic      | 2 4 5 |  5.3
Ice Magic      | 2 3 5 |  5.5
Shields        | 3 5 |  5.9
Dodging        | 2 3 |  3.0
Armour         | 1 3 |  3.0
Poison Magic   | 1 3 |  3.9
Evocations     | 1 2 3 |  3.0
Fire Magic     | 1 2 |  2.0
Fighting       | |  3.3
Maces & Flails | |  2.0

Action                     |  1- 3 |  4- 6 |  7- 9 | 10-12 || total
---------------------------+-------+-------+-------+-------++-------
  Melee: Mace              |    11 |    82 |       |       ||    93
         Punch             |     1 |     2 |     6 |     3 ||    12
         Dagger            |       |    72 |   106 |    11 ||   189
         Whip              |       |       |    74 |    61 ||   135
         Quarterstaff      |       |       |       |     4 ||     4
   Fire: Sling             |       |   207 |   131 |       ||   338
         Orcbow            |       |       |       |    93 ||    93
  Throw: Dart              |     3 |     3 |     5 |       ||    11
         Throwing net      |       |       |     1 |       ||     1
   Cast: Stone Arrow       |       |       |    42 |    60 ||   102
         Mephitic Cloud    |       |       |    21 |    46 ||    67
         Ignite Poison     |       |       |    10 |    27 ||    37
         Poisonous Vapours |       |       |     3 |     7 ||    10
         Freezing Cloud    |       |       |       |    30 ||    30
         Sticky Flame      |       |       |       |    12 ||    12
Ability: Dig               |       |       |     3 |     6 ||     9
         Shaft Self        |       |       |     4 |     4 ||     8
  Evoke: Wand              |       |       |     1 |    11 ||    12
    Use: Scroll            |       |     7 |     3 |     7 ||    17
         Potion            |       |       |     1 |     2 ||     3
   Stab: Sleeping          |       |     2 |     1 |       ||     3
         Confused          |       |       |     3 |     4 ||     7
 Armour: Leather armour    |    20 |   172 |   156 |    91 ||   439
  Dodge: Dodged            |    15 |   137 |   114 |    59 ||   325
  Block: Other             |       |    10 |    60 |    24 ||    94
         Reflection        |       |       |     1 |     1 ||     2

Table legend: (Time is in decaauts)
 A = Elapsed time spent in this place.
 B = Non-inter-level travel time spent in this place.
 C = Inter-level travel time spent in this place.
 D = Time resting spent in this place.
 E = Time spent auto-exploring this place.
 F = Levels seen in this place.
 G = Mean time per level.
                   A        B        C        D        E       F      G
               +--------+--------+--------+--------+--------+-----+--------+
         Total |  16130 |  14851 |   1279 |   5588 |   4187 |  13 | 1240.8 |
       Dungeon |  15118 |  13839 |   1279 |   4884 |   4187 |  11 | 1374.4 |
        Temple |      1 |      1 |      0 |      0 |      0 |   1 |    1.0 |
      Ice Cave |   1010 |   1010 |      0 |    703 |      0 |   1 | 1010.0 |
               +--------+--------+--------+--------+--------+-----+--------+

Top non-repeatable levels by time:
     D:5: 2208 daAuts
     D:7: 2087 daAuts
     D:9: 1810 daAuts
     D:8: 1665 daAuts
     D:6: 1510 daAuts
    D:10: 1332 daAuts
     D:3: 1181 daAuts
     D:4: 1153 daAuts
     D:1: 1048 daAuts
   IceCv: 1010 daAuts
     D:2: 754 daAuts
    D:11: 366 daAuts
  Temple: 1 daAuts
